 Dungeon Sprint DCSS version 0.27-a0-1228-gfd60fd639a (webtiles) character file.

Game seed: 13624971170201552572

2138 mhtbhm the Eclecticist (level 9, -6/45 HPs)
             Began as a Deep Elf Earth Elementalist on June 7, 2021.
             Was a Priest of Vehumet.
             Shot with an arrow by a centaur warrior (16 damage)
             ... in the Dungeon (Sprint III: "The Ten Rune Challenge").
             The game lasted 00:03:35 (1127 turns).

mhtbhm the Eclecticist (DEEE)                       Turns: 1127, Time: 00:03:35

Health: -6/45      AC:  2    Str:  3    XL:     9   Next: 9%
Magic:  26/31      EV: 14    Int: 24    God:    Vehumet [***...]
Gold:   23         SH:  0    Dex: 15    Spells: 25/40 levels left

rFire    . . .     SeeInvis .   (no weapon)
rCold    + . .     Faith    .   (no shield)
rNeg     . . .     Spirit   .   c - +0 robe
rPois    .         Reflect  .   (no helmet)
rElec    .         Harm     .   (no cloak)
rCorr    .         Rampage  .   (no gloves)
Will     +....     NoTele   +   (no boots)
Stlth    +++.......             (no amulet)
HPRegen  0.15/turn              (no ring)
MPRegen  0.22/turn              (no ring)

@: no status effects
A: cold resistance 1, strong-willed 1, weak 1
a: Renounce Religion


You were in the Dungeon.
You worshipped Vehumet.
Vehumet was most pleased with you.
You visited 1 branch You collected 23 gold pieces.

Inventory:

Missiles
 b - 12 stones
Armour
 c - a +0 robe (worn)
Scrolls
 a - a scroll of amnesia {unknown}
 i - a scroll of blinking
 j - a scroll of enchant armour {unknown}
 l - 2 scrolls of holy word {unknown}
 m - 2 scrolls of identify {unknown}
Potions
 d - 2 potions of curing
 e - a potion of heal wounds
 f - a potion of haste
 g - a potion of magic
 h - a potion of berserk rage
 k - a potion of mutation
 n - 2 potions of might
 o - a potion of attraction {unknown}
Miscellaneous
 p - a tin of tremorstones (2/2)


   Skills:
 + Level 5.9 Dodging
 - Level 5.5 Stealth
 + Level 16.1 Spellcasting
 + Level 2.0 Transmutations
 + Level 15.6 Earth Magic


You had 25 spell levels left.
You knew the following spells:

 Your Spells              Type           Power      Damage    Failure   Level
a - Sandblast             Erth           100%       2d20      0%          1
b - Passwall              Tmut/Erth      48%        N/A       1%          2
c - Stone Arrow           Conj/Erth      100%       3d13      1%          3
d - Lee's Rapid Deconstr  Erth           38%        3d20*     1%          5
e - Petrify               Tmut/Erth      58%        N/A       1%          4

Your spell library contained the following spells:

 Spells                   Type           Power      Damage    Failure   Level
 Static Discharge         Conj/Air       19%        N/A       1%          2
 Corona                   Hex            21%        N/A       2%          1
 Dazzling Flash           Conj/Hex       38%        N/A       2%          3
 Ensorcelled Hibernation  Hex/Ice        38%        N/A       4%          2
 Confusing Touch          Hex            19%        N/A       9%          3
 Tukima's Dance           Hex            19%        N/A       9%          3


Dungeon Overview and Level Annotations

Branches:
Dungeon (1/1)

Altars:
Cheibriados
Dithmenos
Elyvilon
Fedhas
Gozag
Hepliaklqana
Kikubaaqudgha
Makhleb
Nemelex Xobeh
Okawaru
Qazlal
Ru
Sif Muna
Trog
Uskayaw
Vehumet
Wu Jian
Xom
Yredelemnul
Zin
The Shining One
Beogh
Jiyva
Lugonu


Innate Abilities, Weirdness & Mutations

Your flesh is cold resistant. (rC+)
You are strong-willed. (Will+)
You are weak. (Str -2)


Message History

You feel your power returning.
Your Spellcasting skill increases to level 16!
Unknown command.
You start resting.
You start resting.
You start resting.
Magic restored.
You open the door.
Unknown command. 2 centaurs and a centaur warrior come into view.
There is an open door here.
Unknown command.
Casting: Lee's Rapid Deconstruction (safe; 1% risk of failure)
Confirm with . or Enter, or press ? or * to list all spells.
Okay, then.
Unknown command.
The centaur shouts! x2
The centaur completely misses you. The centaur closely misses you.
Unknown command.
Casting: Lee's Rapid Deconstruction (safe; 1% risk of failure)
Confirm with . or Enter, or press ? or * to list all spells.
Aiming: Lee's Rapid Deconstruction (safe; 1% risk of failure)
Press: ? - help, Dir - move target A stone wall.
The wall shatters!
The blast of rock fragments hits the centaur warrior!!
The centaur warrior is severely wounded.
The blast of rock fragments hits the centaur!!
You kill the centaur!
Vehumet accepts your kill. The centaur hits you. The centaur kicks you.
The centaur warrior wields a +0 shortbow.
The centaur warrior shoots an arrow.
The arrow hits you!!
Ouch! That really hurt!
* * * LOW HITPOINT WARNING * * *
The centaur hits you.
* * * LOW HITPOINT WARNING * * *
The centaur barely misses you.
The centaur warrior shoots an arrow.
The arrow hits you!
You die...

__#__# _.#._# ###÷##
.....# .....# ####'#
_#...#+#############
_#...#.§≈≈§'.#.'...+
_#...#.#§§§#.#.#@..#
_#...'.#§§§#.#.#)c.#
_'...#.#§.§#...#c..#
▓▓▓▓▓▓▓▓▓▓▓▓▓▓▓▓▓▓▓#


You could see a centaur warrior and a centaur.

Vanquished Creatures
  Snorg (D)
  A deep elf pyromancer (D)
  A shadow (D)
  A spatial vortex (D)
  A necrophage (D)
  A centaur (D)
  An earth elemental (D)
  A water elemental (D)
  A jelly (D)
  Jessica (D)
  A wizard (D)
  A necromancer (D)
  3 humans (D)
  A kobold demonologist (D)
  A wolf (D)
  An endoplasm (D)
  2 rats (D)
20 creatures vanquished.

Notes
Turn   | Place    | Note
-------+----------+-------------------------------------------
     0 | D        | mhtbhm the Deep Elf Earth Elementalist began the quest for
                  | the Orb.
     0 | D        | Reached XP level 1. HP: 10/10 MP: 6/6
    36 | D        | Noticed Jessica
    40 | D        | Killed Jessica
    41 | D        | Reached skill level 4 in Spellcasting
    41 | D        | Reached skill level 5 in Earth Magic
    41 | D        | Reached XP level 2. HP: 15/15 MP: 4/9
    88 | D        | Reached XP level 3. HP: 19/19 MP: 8/11
   173 | D        | Reached skill level 5 in Spellcasting
   208 | D        | Learned a level 2 spell: Passwall
   212 | D        | Learned a level 3 spell: Stone Arrow
   229 | D        | Gained mutation: You are clumsy. (Dex -2) [potion of
                  | mutation]
   230 | D        | Lost mutation: You are clumsy. (Dex -2) [potion of
                  | mutation]
   230 | D        | Gained mutation: Your magical capacity is low. (-10% MP)
                  | [potion of mutation]
   230 | D        | Gained mutation: Your flesh is cold resistant. (rC+)
                  | [potion of mutation]
   230 | D        | Gained mutation: You do not regenerate when monsters are
                  | visible. [potion of mutation]
   230 | D        | Gained mutation: You are agile. (Dex +2) [potion of
                  | mutation]
   234 | D        | Lost mutation: Your magical capacity is low. (-10% MP)
                  | [potion of mutation]
   234 | D        | Lost mutation: You do not regenerate when monsters are
                  | visible. [potion of mutation]
   234 | D        | Lost mutation: You are agile. (Dex +2) [potion of mutation]
   234 | D        | Gained mutation: You are clumsy. (Dex -2) [potion of
                  | mutation]
   234 | D        | Gained mutation: Your muscles are strong. (Str +2) [potion
                  | of mutation]
   241 | D        | Lost mutation: You are clumsy. (Dex -2) [potion of
                  | mutation]
   241 | D        | Lost mutation: Your muscles are strong. (Str +2) [potion of
                  | mutation]
   241 | D        | Gained mutation: You are weak. (Str -2) [potion of
                  | mutation]
   241 | D        | Gained mutation: You are strong-willed. (Will+) [potion of
                  | mutation]
   242 | D        | Noticed a water elemental
   246 | D        | Killed a water elemental
   247 | D        | Reached skill level 7 in Spellcasting
   247 | D        | Reached XP level 4. HP: 6/24 MP: 10/15
   471 | D        | Found a radiant altar of Vehumet.
   472 | D        | Found a shimmering blue altar of Sif Muna.
   472 | D        | Found an ancient bone altar of Kikubaaqudgha.
   472 | D        | Noticed a wizard
   473 | D        | Killed a wizard
   474 | D        | Reached XP level 5. HP: 28/28 MP: 15/17
   476 | D        | Reached skill level 8 in Spellcasting
   498 | D        | Became a worshipper of Vehumet
   508 | D        | Found a glowing silver altar of Zin.
   508 | D        | Found a glowing golden altar of the Shining One.
   508 | D        | Found a white marble altar of Elyvilon.
   509 | D        | Noticed a deep elf pyromancer
   512 | D        | Noticed a fire elemental
   512 | D        | Noticed a fire elemental
   512 | D        | Killed a deep elf pyromancer
   513 | D        | Reached skill level 5 in Dodging
   513 | D        | Reached skill level 5 in Stealth
   513 | D        | Reached skill level 11 in Spellcasting
   513 | D        | Reached XP level 6. HP: 32/32 MP: 14/22
   513 | D        | Reached XP level 7. HP: 36/36 MP: 15/24
   564 | D        | Learned a level 5 spell: Lee's Rapid Deconstruction
   569 | D        | Learned a level 4 spell: Petrify
   574 | D        | Found a hide-covered altar of Uskayaw.
   574 | D        | Found an iron altar of Okawaru.
   574 | D        | Found a bloodstained altar of Trog.
   574 | D        | Found an ornate altar of the Wu Jian Council.
   574 | D        | Noticed a human
   574 | D        | Noticed a human
   575 | D        | Killed a human
   576 | D        | Reached skill level 12 in Spellcasting
   577 | D        | Killed a human
   577 | D        | Reached * piety under Vehumet
   577 | D        | Offered knowledge of Shock by Vehumet.
   653 | D        | Found a basalt altar of Yredelemnul.
   653 | D        | Found a shadowy altar of Dithmenos.
   653 | D        | Found a sacrificial altar of Ru.
   656 | D        | Reached skill level 13 in Spellcasting
   709 | D        | Noticed a shadow
   710 | D        | Reached ** piety under Vehumet
   713 | D        | Killed a shadow
   714 | D        | Reached XP level 8. HP: 41/41 MP: 7/27
   816 | D        | Found a blossoming altar of Fedhas.
   816 | D        | Found a stormy altar of Qazlal.
   816 | D        | Found a snail-covered altar of Cheibriados.
   816 | D        | Found a burning altar of Makhleb.
   816 | D        | Found a shimmering altar of Xom.
   817 | D        | Found a hazy altar of Hepliaklqana.
   817 | D        | Found an opulent altar of Gozag.
   817 | D        | Found a sparkling altar of Nemelex Xobeh.
   817 | D        | Found a corrupted altar of Lugonu.
   817 | D        | Found a viscous altar of Jiyva.
   820 | D        | Offered knowledge of Foxfire by Vehumet.
   897 | D        | Noticed Snorg
   906 | D        | Killed Snorg
   907 | D        | Reached skill level 15 in Spellcasting
   907 | D        | Reached skill level 15 in Earth Magic
   907 | D        | Reached XP level 9. HP: 45/45 MP: 16/30
  1058 | D        | Offered knowledge of Static Discharge by Vehumet.
  1058 | D        | Reached *** piety under Vehumet
  1059 | D        | Reached skill level 16 in Spellcasting
  1125 | D        | Noticed a centaur warrior
  1127 | D        | Shot with an arrow by a centaur warrior

Illustrated notes

Levels and vault maps discovered:
D:        dungeon_sprint_mu [sprint_mu_entry_cave, sprint_mu_temple_rooms,
          sprint_mu_d1_horrors, sprint_mu_d2_genie, sprint_mu_d3_branching,
          sprint_mu_orc_legion, sprint_mu_elf_gauntlet, sprint_mu_hive_nellie,
          sprint_mu_lair_fedhas, sprint_mu_vaults_butterflies,
          sprint_mu_slime_circle, sprint_mu_shoals_kraken,
          sprint_mu_snake_twists, sprint_mu_blade_basic,
          sprint_mu_crypt_chambers, sprint_mu_tomb_spiral,
          sprint_mu_vestibule_basic, sprint_mu_gehenna_hellfire,
          sprint_mu_dis_giant, sprint_mu_tartarus_statrot,
          sprint_mu_cocytus_islands, sprint_mu_zot1]

Skill      XL: |  1  2  3  4  5  6  7  8  9 |
---------------+----------------------------+-----
Earth Magic    | 5 6 8 12 14 15 | 15.6
Dodging        | 3 4 5 |  5.9
Stealth        | 3 4 5 |  5.5
Spellcasting   | 4 7 11 13 15 16 | 16.1
Transmutations | 2 |  2.0

Action                   |  1- 3 |  4- 6 |  7- 9 || total
-------------------------+-------+-------+-------++-------
 Cast: Sandblast         |    13 |     5 |       ||    18
       Lee's Rapid Decon |       |       |    22 ||    22
       Petrify           |       |       |     1 ||     1
  Use: Potion            |     4 |       |     1 ||     5
Dodge: Dodged            |     1 |     1 |     3 ||     5

Table legend: (Time is in decaauts)
 A = Elapsed time spent in this place.
 B = Non-inter-level travel time spent in this place.
 C = Inter-level travel time spent in this place.
 D = Time resting spent in this place.
 E = Time spent auto-exploring this place.
 F = Levels seen in this place.
 G = Mean time per level.
                   A        B        C        D        E       F      G
               +--------+--------+--------+--------+--------+-----+--------+
         Total |   1128 |   1128 |      0 |    872 |     19 |   1 | 1128.0 |
       Dungeon |   1128 |   1128 |      0 |    872 |     19 |   1 | 1128.0 |
               +--------+--------+--------+--------+--------+-----+--------+

Top non-repeatable levels by time:
       D: 1128 daAuts
